[ AOE2 MATCH · #483381999 ]
UnrankedJapanese vs Portuguese
[ REPLAY ANALYSIS · EXTRACTED FROM THE RECORDED GAME ]
Feudal
4:36
Castle
7:20
Imperial
14:17
| APM avg | 62.3 |
| APM peak | 123 |
| eAPM avg | 56.8 |
| Villagers / military | 251 / 4278 |
Focus
⚔️ 54.9% · 🌾 45.1%
Samurai ×4275 · Fishing Ship ×36 · Mangonel ×3
Feudal
3:47
Castle
5:56
Imperial
9:26
| APM avg | 8.6 |
| APM peak | 38 |
| eAPM avg | 7.3 |
| Villagers / military | 13 / 148 |
Focus
⚔️ 27.9% · 🌾 72.1%
Scout Cavalry ×144 · Mangonel ×4
Feudal
5:05
Castle
10:29
Imperial
17:40
| APM avg | 35.2 |
| APM peak | 90 |
| eAPM avg | 29.6 |
| Villagers / military | 183 / 716 |
Focus
⚔️ 41.7% · 🌾 58.3%
Mangudai ×475 · Scout Cavalry ×223 · Fishing Ship ×17 · Cavalry Archer ×15 · Mangonel ×3
Feudal
6:10
Castle
8:41
Imperial
17:37
| APM avg | 24.0 |
| APM peak | 64 |
| eAPM avg | 18.2 |
| Villagers / military | 58 / 1126 |
Focus
⚔️ 54.5% · 🌾 45.5%
Scout Cavalry ×1126
Feudal
4:51
Castle
9:14
Imperial
14:14
| APM avg | 6.6 |
| APM peak | 41 |
| eAPM avg | 6.0 |
| Villagers / military | 49 / 6 |
Focus
⚔️ 10.8% · 🌾 89.2%
Mangonel ×6
Feudal
3:58
Castle
6:00
Imperial
10:03
| APM avg | 30.0 |
| APM peak | 108 |
| eAPM avg | 25.9 |
| Villagers / military | 6 / 2517 |
Focus
⚔️ 67.4% · 🌾 32.6%
Ratha (Ranged) ×2508 · Mangonel ×9
Feudal
3:43
Castle
6:31
Imperial
10:22
| APM avg | 40.7 |
| APM peak | 110 |
| eAPM avg | 37.9 |
| Villagers / military | 83 / 4334 |
Focus
⚔️ 68.8% · 🌾 31.2%
Skirmisher ×2283 · Eagle Scout ×1215 · Jaguar Warrior ×578 · Spearman ×235 · Mangonel ×18 · Archer ×5
Feudal
6:08
Castle
11:50
Imperial
18:46
| APM avg | 4.1 |
| APM peak | 29 |
| eAPM avg | 3.5 |
| Villagers / military | 48 / 15 |
Focus
⚔️ 9.6% · 🌾 90.4%
Cavalry Archer ×15
Match map
Initial resources + every placement click. Lines = walls · curves = elevation contours. ◆ gold · ⬟ stone · ● berries · ✦ relic · ◌ wall gap
Your base· ✓ Map-separated
NoAgendaPODCAST's base· ✓ Map-separated
yimacs_yoyoyo's base· ✓ Map-separated
og1kanooby's base· ✓ Map-separated
liehuo22's base· ✓ Map-separated
Mad08jojo's base· ✓ Map-separated
Parts's base· ✓ Map-separated
AAA's base· ✓ Map-separated
Smoothed initial terrain · ◌ = detected wall gap · hover for details
Inputs per minute
— ISwaZz - - NoAgendaPODCAST
Build order — ISwaZz
First 150 of 1633 actions detected
| 0:00 | Create | Villager (Male) |
| 0:02 | Build | House |
| 0:03 | Build | Mill |
| 0:05 | Build | Lumber Camp |
| 0:09 | Create | Villager (Male) |
| 0:12 | Create | Villager (Male) |
| 0:18 | Create | Villager (Male) |
| 0:18 | Create | Villager (Male) |
| 0:24 | Build | Farm |
| 0:25 | Build | Farm |
| 0:40 | Build | Farm |
| 0:53 | Build | Farm |
| 1:09 | Create | Villager (Male) |
| 1:22 | Build | Farm |
| 1:31 | Create | Villager (Male) |
| 1:32 | Create | Villager (Male) |
| 1:40 | Build | Farm |
| 1:58 | Create | Villager (Male) |
| 1:59 | Create | Villager (Male) |
| 1:59 | Create | Villager (Male) |
| 2:15 | Build | Farm |
| 2:17 | Create | Villager (Male) |
| 2:17 | Create | Villager (Male) |
| 2:27 | Create | Villager (Male) |
| 2:27 | Create | Villager (Male) |
| 2:30 | Create | Villager (Male) |
| 2:42 | Build | Farm |
| 2:50 | Create | Villager (Male) |
| 2:54 | Create | Villager (Male) |
| 3:28 | Research | Feudal Age |
| 3:54 | Create | Villager (Male) |
| 3:54 | Create | Villager (Male) |
| 4:05 | Build | Farm |
| 4:19 | Build | Farm |
| 4:22 | Build | Farm |
| 4:36 | Age | Feudal Age |
| 4:38 | Build | Market |
| 4:39 | Build | Blacksmith |
| 5:06 | Build | Farm |
| 5:07 | Create | Villager (Male) |
| 5:12 | Build | Lumber Camp |
| 5:15 | Build | Farm |
| 5:31 | Build | Farm |
| 5:36 | Create | Villager (Male) |
| 6:16 | Research | Castle Age |
| 6:16 | Research | Castle Age |
| 6:43 | Research | Double-Bit Axe |
| 6:43 | Research | Double-Bit Axe |
| 6:48 | Research | Tech 1687 |
| 7:00 | Research | Tech 1688 |
| 7:20 | Age | Castle Age |
| 7:26 | Create | Villager (Male) |
| 7:48 | Build | Farm |
| 7:49 | Create | Villager (Male) |
| 7:58 | Create | Villager (Male) |
| 8:14 | Research | Town Watch |
| 8:14 | Research | Town Watch |
| 8:14 | Research | Tech 1612 |
| 8:15 | Research | Tech 1613 |
| 8:17 | Build | Lumber Camp |
| 8:19 | Build | Farm |
| 8:35 | Create | Villager (Male) |
| 8:40 | Create | Villager (Male) |
| 8:50 | Research | Wheelbarrow |
| 9:02 | Research | Tech 1699 |
| 9:15 | Research | Tech 1700 |
| 9:16 | Research | Tech 1700 |
| 9:49 | Research | Bow Saw |
| 9:49 | Research | Bow Saw |
| 9:58 | Research | Tech 1691 |
| 10:04 | Build | Lumber Camp |
| 10:17 | Research | Tech 1692 |
| 10:18 | Create | Villager (Male) |
| 10:19 | Create | Villager (Male) |
| 10:19 | Create | Villager (Male) |
| 10:24 | Create | Villager (Male) |
| 10:24 | Create | Villager (Male) |
| 10:32 | Build | Farm |
| 10:56 | Create | Villager (Male) |
| 11:00 | Build | Town Center |
| 11:05 | Build | Town Center |
| 11:08 | Create | Villager (Male) |
| 11:11 | Build | Mining Camp |
| 11:12 | Build | Mining Camp |
| 11:16 | Build | Mining Camp |
| 11:24 | Create | Villager (Male) |
| 11:30 | Create | Villager (Male) |
| 11:30 | Create | Villager (Male) |
| 11:45 | Build | Siege Workshop |
| 11:48 | Build | Monastery |
| 11:57 | Research | Gold Mining |
| 11:57 | Research | Tech 1653 |
| 11:57 | Research | Tech 1653 |
| 11:58 | Research | Tech 1654 |
| 11:58 | Research | Tech 1654 |
| 12:05 | Create | Villager (Male) |
| 12:06 | Create | Villager (Male) |
| 12:06 | Create | Villager (Male) |
| 12:06 | Create | Villager (Male) |
| 12:11 | Build | Farm |
| 12:15 | Create | Villager (Male) |
| 12:15 | Create | Villager (Male) |
| 12:53 | Research | Imperial Age |
| 12:55 | Create | Villager (Male) |
| 12:55 | Create | Villager (Male) |
| 13:01 | Research | Imperial Age |
| 13:02 | Create | Villager (Male) |
| 13:06 | Build | Lumber Camp |
| 13:11 | Build | Lumber Camp |
| 13:36 | Create | Villager (Male) |
| 13:36 | Create | Villager (Male) |
| 13:36 | Create | Villager (Male) |
| 13:37 | Create | Villager (Male) |
| 13:37 | Create | Villager (Male) |
| 13:50 | Create | Villager (Male) |
| 13:50 | Create | Villager (Male) |
| 13:53 | Create | Mangonel |
| 14:17 | Age | Imperial Age |
| 14:17 | Research | Onager (upgrade) |
| 14:18 | Create | Villager (Male) |
| 14:19 | Create | Villager (Male) |
| 14:55 | Create | Villager (Male) |
| 14:56 | Create | Villager (Male) |
| 14:58 | Create | Villager (Male) |
| 14:59 | Create | Villager (Male) |
| 14:59 | Create | Villager (Male) |
| 15:10 | Research | Stone Mining |
| 15:10 | Research | Tech 1723 |
| 15:10 | Research | Tech 1723 |
| 15:11 | Research | Tech 1724 |
| 15:11 | Research | Tech 1724 |
| 15:44 | Build | Town Center |
| 15:47 | Build | Town Center |
| 15:52 | Build | Dock |
| 15:54 | Build | Dock |
| 15:58 | Build | Dock |
| 16:12 | Create | Villager (Male) |
| 16:12 | Create | Villager (Male) |
| 16:13 | Create | Villager (Male) |
| 16:20 | Create | Fishing Ship |
| 16:20 | Create | Fishing Ship |
| 16:20 | Create | Fishing Ship |
| 16:32 | Create | Villager (Male) |
| 16:32 | Create | Villager (Male) |
| 16:32 | Create | Villager (Male) |
| 16:33 | Create | Villager (Male) |
| 16:39 | Create | Fishing Ship |
| 16:39 | Create | Fishing Ship |
| 16:39 | Create | Fishing Ship |
| 16:50 | Create | Villager (Male) |
Build order — NoAgendaPODCAST
First 150 of 245 actions detected
| 0:01 | Create | Villager (Male) |
| 0:02 | Create | Villager (Male) |
| 0:03 | Create | Villager (Male) |
| 0:03 | Create | Villager (Male) |
| 0:06 | Build | Mill |
| 0:18 | Build | Farm |
| 0:49 | Create | Villager (Male) |
| 0:49 | Create | Villager (Male) |
| 0:53 | Create | Villager (Male) |
| 1:50 | Build | Farm |
| 1:54 | Build | Lumber Camp |
| 2:33 | Build | Farm |
| 2:42 | Research | Feudal Age |
| 3:46 | Create | Villager (Male) |
| 3:47 | Age | Feudal Age |
| 3:50 | Build | Market |
| 4:13 | Create | Villager (Male) |
| 4:30 | Build | Blacksmith |
| 4:45 | Research | Town Watch |
| 4:45 | Research | Tech 1612 |
| 4:46 | Research | Tech 1613 |
| 4:49 | Research | Castle Age |
| 5:11 | Research | Double-Bit Axe |
| 5:15 | Research | Tech 1687 |
| 5:18 | Research | Tech 1688 |
| 5:36 | Research | Wheelbarrow |
| 5:36 | Research | Tech 1699 |
| 5:40 | Research | Tech 1700 |
| 5:41 | Research | Tech 1700 |
| 5:56 | Age | Castle Age |
| 5:57 | Build | Town Center |
| 5:59 | Build | Town Center |
| 6:16 | Build | Lumber Camp |
| 6:24 | Research | Bow Saw |
| 6:25 | Research | Tech 1691 |
| 6:25 | Research | Tech 1692 |
| 6:34 | Create | Villager (Male) |
| 6:57 | Build | Farm |
| 6:59 | Build | Farm |
| 7:06 | Build | Farm |
| 7:10 | Build | Farm |
| 7:14 | Build | Farm |
| 7:25 | Build | Town Center |
| 7:50 | Build | Siege Workshop |
| 7:54 | Build | Monastery |
| 8:05 | Build | Mining Camp |
| 8:10 | Research | Imperial Age |
| 8:18 | Build | Lumber Camp |
| 8:26 | Research | Loom |
| 8:26 | Research | Tech 1628 |
| 8:27 | Research | Tech 1629 |
| 8:30 | Research | Stone Mining |
| 8:30 | Research | Tech 1723 |
| 8:31 | Research | Tech 1724 |
| 8:31 | Research | Tech 1724 |
| 8:32 | Research | Gold Mining |
| 8:33 | Research | Tech 1653 |
| 8:33 | Research | Tech 1654 |
| 8:33 | Research | Tech 1654 |
| 8:41 | Create | Mangonel |
| 8:41 | Create | Mangonel |
| 8:43 | Research | Tech 1625 |
| 8:43 | Research | Tech 1625 |
| 8:44 | Research | Tech 1624 |
| 8:44 | Research | Tech 1624 |
| 8:44 | Research | Horse Collar |
| 8:49 | Build | Farm |
| 8:52 | Research | Tech 1623 |
| 8:52 | Research | Tech 1623 |
| 8:53 | Research | Tech 1622 |
| 8:53 | Research | Tech 1622 |
| 8:53 | Research | Heavy Plow |
| 9:00 | Create | Mangonel |
| 9:00 | Create | Mangonel |
| 9:26 | Age | Imperial Age |
| 9:33 | Research | Onager (upgrade) |
| 9:37 | Build | Lumber Camp |
| 9:41 | Build | Lumber Camp |
| 9:53 | Research | Tech 1621 |
| 9:53 | Research | Tech 1621 |
| 9:53 | Research | Tech 1620 |
| 9:54 | Research | Crop Rotation |
| 10:24 | Build | Lumber Camp |
| 10:56 | Build | Mining Camp |
| 10:57 | Research | Tech 1677 |
| 10:57 | Research | Stone Shaft Mining |
| 10:58 | Research | Stone Shaft Mining |
| 10:58 | Research | Tech 1678 |
| 10:58 | Research | Tech 1678 |
| 10:58 | Research | Tech 1727 |
| 10:58 | Research | Tech 1728 |
| 11:14 | Research | Two-Man Saw |
| 11:14 | Research | Two-Man Saw |
| 11:14 | Research | Tech 1705 |
| 11:15 | Research | Tech 1706 |
| 11:19 | Build | Lumber Camp |
| 12:02 | Build | Town Center |
| 12:35 | Build | Castle |
| 12:37 | Build | Lumber Camp |
| 12:40 | Build | Lumber Camp |
| 13:12 | Build | House |
| 13:13 | Build | House |
| 13:14 | Build | House |
| 13:22 | Research | Tech 1404 |
| 13:23 | Research | Arquebus |
| 13:24 | Research | Elite Organ Gun (upgrade) |
| 13:25 | Research | Conscription |
| 13:25 | Research | Tech 1733 |
| 13:26 | Research | Tech 1734 |
| 13:26 | Research | Tech 1734 |
| 13:44 | Build | Feitoria |
| 13:54 | Research | Sappers |
| 13:54 | Research | Sappers |
| 13:55 | Research | Tech 1735 |
| 13:55 | Research | Tech 1736 |
| 13:55 | Research | Tech 1745 |
| 13:56 | Research | Tech 1746 |
| 14:21 | Build | Barracks |
| 14:30 | Build | Blacksmith |
| 14:32 | Build | Blacksmith |
| 14:32 | Build | Blacksmith |
| 14:34 | Build | Blacksmith |
| 14:41 | Build | University |
| 14:43 | Build | University |
| 14:46 | Build | Lumber Camp |
| 14:52 | Build | Lumber Camp |
| 15:55 | Create | Villager (Male) |
| 15:55 | Create | Villager (Male) |
| 15:56 | Create | Villager (Male) |
| 16:46 | Build | Lumber Camp |
| 16:54 | Build | Lumber Camp |
| 17:29 | Build | Stable |
| 17:31 | Build | Stable |
| 18:27 | Research | Scale Mail Armor |
| 18:27 | Research | Forging |
| 18:27 | Research | Scale Barding Armor |
| 18:27 | Research | Scale Barding Armor |
| 18:27 | Research | Scale Mail Armor |
| 18:27 | Research | Forging |
| 18:27 | Research | Tech 1871 |
| 18:27 | Research | Tech 1663 |
| 18:27 | Research | Tech 1661 |
| 18:28 | Research | Tech 1664 |
| 18:28 | Research | Tech 1662 |
| 18:28 | Research | Tech 1664 |
| 18:28 | Research | Tech 1662 |
| 18:28 | Research | Tech 1872 |
| 18:29 | Research | Padded Archer Armor |
| 18:29 | Research | Fletching |
| 18:29 | Research | Tech 1695 |
Build order — yimacs_yoyoyo
First 150 of 761 actions detected
| 0:01 | Create | Villager (Male) |
| 0:01 | Create | Villager (Male) |
| 0:02 | Create | Villager (Male) |
| 0:05 | Build | Mill |
| 0:06 | Build | House |
| 0:47 | Build | Farm |
| 0:49 | Build | Farm |
| 0:50 | Create | Villager (Male) |
| 0:50 | Create | Villager (Male) |
| 0:52 | Build | Lumber Camp |
| 1:17 | Build | Farm |
| 1:47 | Create | Villager (Male) |
| 1:48 | Build | Farm |
| 1:51 | Build | Farm |
| 1:59 | Create | Villager (Male) |
| 2:15 | Build | Farm |
| 2:50 | Build | Farm |
| 2:51 | Create | Villager (Male) |
| 2:51 | Create | Villager (Male) |
| 3:25 | Build | Farm |
| 3:26 | Create | Villager (Male) |
| 4:13 | Research | Feudal Age |
| 4:14 | Create | Villager (Male) |
| 4:15 | Create | Villager (Male) |
| 4:15 | Create | Villager (Male) |
| 4:30 | Build | Lumber Camp |
| 4:52 | Create | Villager (Male) |
| 4:52 | Create | Villager (Male) |
| 4:53 | Create | Villager (Male) |
| 4:53 | Create | Villager (Male) |
| 4:53 | Create | Villager (Male) |
| 5:05 | Age | Feudal Age |
| 5:13 | Research | Double-Bit Axe |
| 5:21 | Research | Tech 1687 |
| 5:21 | Research | Tech 1687 |
| 5:48 | Research | Tech 1688 |
| 5:48 | Research | Tech 1688 |
| 5:52 | Create | Villager (Male) |
| 5:52 | Create | Villager (Male) |
| 7:12 | Research | Town Watch |
| 7:13 | Research | Tech 1612 |
| 7:13 | Research | Tech 1612 |
| 7:14 | Research | Tech 1613 |
| 7:14 | Research | Tech 1613 |
| 7:16 | Create | Villager (Male) |
| 7:16 | Create | Villager (Male) |
| 7:16 | Create | Villager (Male) |
| 7:51 | Create | Villager (Male) |
| 7:51 | Create | Villager (Male) |
| 7:51 | Create | Villager (Male) |
| 7:52 | Create | Villager (Male) |
| 8:00 | Create | Villager (Male) |
| 8:00 | Create | Villager (Male) |
| 8:01 | Create | Villager (Male) |
| 8:01 | Create | Villager (Male) |
| 8:02 | Create | Villager (Male) |
| 8:02 | Create | Villager (Male) |
| 8:27 | Create | Villager (Male) |
| 8:27 | Create | Villager (Male) |
| 8:28 | Create | Villager (Male) |
| 8:32 | Create | Villager (Male) |
| 8:54 | Build | Market |
| 9:01 | Build | Lumber Camp |
| 9:05 | Build | Blacksmith |
| 9:25 | Research | Castle Age |
| 9:25 | Research | Castle Age |
| 9:30 | Build | Farm |
| 10:29 | Age | Castle Age |
| 11:12 | Create | Villager (Male) |
| 11:12 | Create | Villager (Male) |
| 11:13 | Create | Villager (Male) |
| 11:19 | Build | Lumber Camp |
| 11:27 | Build | Lumber Camp |
| 11:34 | Research | Bow Saw |
| 11:35 | Research | Tech 1691 |
| 11:35 | Research | Tech 1691 |
| 11:35 | Research | Tech 1692 |
| 11:36 | Research | Tech 1692 |
| 12:02 | Create | Villager (Male) |
| 12:02 | Create | Villager (Male) |
| 12:03 | Create | Villager (Male) |
| 12:03 | Create | Villager (Male) |
| 13:24 | Create | Villager (Male) |
| 13:25 | Create | Villager (Male) |
| 13:48 | Build | Town Center |
| 13:54 | Build | Dock |
| 14:01 | Create | Villager (Male) |
| 14:01 | Create | Villager (Male) |
| 14:09 | Create | Fishing Ship |
| 14:10 | Create | Fishing Ship |
| 14:10 | Create | Fishing Ship |
| 14:17 | Create | Villager (Male) |
| 14:18 | Create | Villager (Male) |
| 14:18 | Create | Villager (Male) |
| 14:19 | Create | Fishing Ship |
| 14:20 | Create | Fishing Ship |
| 14:25 | Build | Dock |
| 14:31 | Build | Mining Camp |
| 14:35 | Build | Siege Workshop |
| 14:38 | Build | Monastery |
| 14:47 | Build | Mining Camp |
| 14:54 | Build | Fish Trap |
| 14:56 | Create | Fishing Ship |
| 14:56 | Create | Fishing Ship |
| 14:58 | Create | Villager (Male) |
| 15:03 | Create | Mangonel |
| 15:13 | Research | Stone Mining |
| 15:13 | Research | Gold Mining |
| 15:17 | Build | Town Center |
| 15:21 | Build | Mining Camp |
| 15:31 | Create | Villager (Male) |
| 15:32 | Create | Villager (Male) |
| 15:32 | Create | Villager (Male) |
| 15:33 | Create | Villager (Male) |
| 15:34 | Create | Villager (Male) |
| 15:35 | Build | Fish Trap |
| 15:37 | Create | Fishing Ship |
| 15:38 | Create | Fishing Ship |
| 15:39 | Build | Fish Trap |
| 15:44 | Research | Stone Shaft Mining |
| 15:44 | Research | Gold Shaft Mining |
| 15:46 | Research | Tech 1653 |
| 15:46 | Research | Tech 1723 |
| 15:53 | Create | Villager (Male) |
| 16:05 | Create | Villager (Male) |
| 16:05 | Create | Villager (Male) |
| 16:06 | Create | Villager (Male) |
| 16:19 | Build | Fish Trap |
| 16:23 | Build | Fish Trap |
| 16:24 | Research | Imperial Age |
| 16:24 | Research | Imperial Age |
| 16:55 | Build | Fish Trap |
| 16:57 | Create | Fishing Ship |
| 16:59 | Build | Fish Trap |
| 16:59 | Build | Fish Trap |
| 17:00 | Build | Fish Trap |
| 17:00 | Build | Fish Trap |
| 17:00 | Build | Fish Trap |
| 17:07 | Create | Villager (Male) |
| 17:08 | Create | Villager (Male) |
| 17:08 | Create | Villager (Male) |
| 17:09 | Create | Villager (Male) |
| 17:09 | Create | Villager (Male) |
| 17:11 | Research | Tech 1654 |
| 17:12 | Research | Tech 1724 |
| 17:12 | Research | Tech 1677 |
| 17:12 | Research | Tech 1724 |
| 17:12 | Research | Tech 1678 |
| 17:12 | Research | Tech 1727 |
| 17:13 | Research | Tech 1678 |
Build order — og1kanooby
First 150 of 477 actions detected
| 0:05 | Build | Mill |
| 0:08 | Build | House |
| 0:12 | Create | Villager (Male) ×4 |
| 0:31 | Build | Farm |
| 0:50 | Create | Villager (Male) ×3 |
| 1:45 | Build | Farm |
| 1:47 | Build | Farm |
| 2:21 | Build | Farm |
| 2:45 | Build | Farm |
| 3:11 | Build | Farm |
| 3:20 | Build | Farm |
| 3:37 | Create | Villager (Male) ×5 |
| 4:27 | Build | Farm |
| 4:28 | Build | Farm |
| 5:04 | Build | Lumber Camp |
| 5:18 | Research | Feudal Age |
| 6:10 | Age | Feudal Age |
| 6:18 | Create | Villager (Male) ×5 |
| 6:41 | Build | Market |
| 7:04 | Build | Blacksmith |
| 7:13 | Research | Castle Age |
| 7:41 | Build | Farm |
| 7:41 | Build | Farm |
| 8:01 | Build | Farm |
| 8:13 | Build | Lumber Camp |
| 8:41 | Age | Castle Age |
| 8:45 | Create | Villager (Male) ×5 |
| 8:46 | Create | Villager (Male) ×5 |
| 8:46 | Create | Villager (Male) ×5 |
| 9:05 | Research | Town Watch |
| 9:05 | Research | Town Watch |
| 9:05 | Research | Tech 1612 |
| 9:06 | Research | Tech 1612 |
| 9:06 | Research | Tech 1613 |
| 9:31 | Create | Villager (Male) |
| 9:37 | Build | Lumber Camp |
| 10:02 | Build | Lumber Camp |
| 10:07 | Build | Lumber Camp |
| 10:53 | Research | Double-Bit Axe |
| 10:53 | Research | Tech 1687 |
| 10:54 | Research | Tech 1687 |
| 10:54 | Research | Tech 1688 |
| 11:24 | Build | Farm |
| 11:32 | Build | Farm |
| 11:32 | Build | Farm |
| 11:33 | Build | Farm |
| 11:33 | Build | Farm |
| 11:33 | Build | Farm |
| 11:33 | Build | Farm |
| 11:34 | Build | Farm |
| 11:46 | Build | Farm |
| 12:10 | Create | Villager (Male) ×5 |
| 12:11 | Create | Villager (Male) ×5 |
| 12:11 | Create | Villager (Male) ×5 |
| 12:31 | Build | Farm |
| 12:35 | Build | Farm |
| 13:07 | Research | Bow Saw |
| 13:08 | Research | Tech 1691 |
| 13:08 | Research | Tech 1691 |
| 13:08 | Research | Tech 1692 |
| 13:54 | Build | Mining Camp |
| 14:37 | Create | Villager (Male) ×5 |
| 14:38 | Create | Villager (Male) ×5 |
| 14:44 | Research | Stone Mining |
| 14:44 | Research | Stone Mining |
| 14:44 | Research | Tech 1723 |
| 14:45 | Research | Tech 1724 |
| 15:29 | Build | Castle |
| 15:39 | Build | Farm |
| 15:41 | Build | Farm |
| 15:41 | Build | Farm |
| 15:42 | Build | Farm |
| 15:43 | Build | Farm |
| 15:50 | Build | Farm |
| 16:21 | Research | Imperial Age |
| 16:30 | Research | Szlachta Privileges |
| 16:38 | Build | Lumber Camp |
| 17:07 | Build | Lumber Camp |
| 17:11 | Build | Lumber Camp |
| 17:17 | Build | Lumber Camp |
| 17:22 | Build | Lumber Camp |
| 17:37 | Age | Imperial Age |
| 17:40 | Build | Mining Camp |
| 17:55 | Research | Lechitic Legacy |
| 18:33 | Build | Barracks |
| 18:54 | Build | Stable |
| 18:56 | Build | Stable |
| 18:58 | Build | Stable |
| 19:00 | Build | Stable |
| 19:29 | Research | Gold Mining |
| 19:29 | Research | Gold Mining |
| 19:29 | Research | Tech 1653 |
| 19:30 | Research | Tech 1654 |
| 19:30 | Research | Tech 1654 |
| 19:30 | Research | Stone Shaft Mining |
| 19:31 | Research | Stone Shaft Mining |
| 19:31 | Research | Tech 1727 |
| 19:31 | Research | Tech 1728 |
| 19:34 | Research | Tech 1677 |
| 19:34 | Research | Tech 1677 |
| 19:34 | Research | Tech 1678 |
| 19:44 | Build | Farm |
| 19:45 | Build | Farm |
| 20:15 | Research | Bloodlines |
| 20:16 | Research | Tech 1749 |
| 20:16 | Research | Tech 1749 |
| 20:16 | Research | Tech 1750 |
| 20:19 | Research | Husbandry |
| 20:19 | Research | Husbandry |
| 20:20 | Research | Tech 1634 |
| 20:20 | Research | Tech 1635 |
| 20:21 | Research | Tech 1635 |
| 20:28 | Research | Light Cavalry (upgrade) |
| 20:59 | Research | Winged Hussar (upgrade) |
| 21:21 | Build | Blacksmith |
| 21:41 | Research | Scale Barding Armor |
| 21:42 | Research | Tech 1871 |
| 21:42 | Research | Tech 1871 |
| 21:42 | Research | Tech 1872 |
| 21:44 | Research | Forging |
| 21:45 | Research | Tech 1661 |
| 21:45 | Research | Tech 1661 |
| 21:45 | Research | Tech 1662 |
| 21:54 | Research | Conscription |
| 21:55 | Research | Tech 1733 |
| 21:55 | Research | Tech 1733 |
| 21:55 | Research | Tech 1734 |
| 21:55 | Research | Tech 1734 |
| 22:31 | Create | Scout Cavalry ×5 |
| 22:31 | Create | Scout Cavalry ×5 |
| 22:31 | Create | Scout Cavalry ×5 |
| 22:32 | Create | Scout Cavalry ×5 |
| 22:32 | Create | Scout Cavalry ×5 |
| 22:32 | Create | Scout Cavalry ×5 |
| 22:32 | Create | Scout Cavalry ×5 |
| 22:33 | Create | Scout Cavalry ×5 |
| 22:33 | Create | Scout Cavalry ×5 |
| 22:33 | Create | Scout Cavalry ×5 |
| 22:34 | Create | Scout Cavalry ×5 |
| 22:34 | Create | Scout Cavalry ×5 |
| 22:34 | Create | Scout Cavalry ×4 |
| 22:34 | Create | Scout Cavalry ×4 |
| 22:36 | Create | Scout Cavalry ×4 |
| 22:59 | Research | Chain Barding Armor |
| 22:59 | Research | Tech 1673 |
| 22:59 | Research | Tech 1673 |
| 23:00 | Research | Tech 1674 |
| 23:00 | Research | Tech 1674 |
| 24:57 | Create | Scout Cavalry ×5 |
| 24:57 | Create | Scout Cavalry ×5 |
Build order — liehuo22
137 actions detected in the replay
| 0:04 | Create | Villager (Male) |
| 0:04 | Create | Villager (Male) |
| 0:04 | Create | Villager (Male) |
| 0:05 | Create | Villager (Male) |
| 0:05 | Create | Villager (Male) |
| 0:08 | Build | House |
| 0:09 | Build | Mill |
| 0:22 | Build | Farm |
| 0:24 | Build | Farm |
| 1:04 | Build | Farm |
| 1:07 | Create | Villager (Male) |
| 1:40 | Build | Farm |
| 1:41 | Create | Villager (Male) |
| 1:42 | Create | Villager (Male) |
| 1:45 | Build | Farm |
| 1:59 | Build | Farm |
| 2:03 | Create | Villager (Male) |
| 2:24 | Build | Farm |
| 2:37 | Create | Villager (Male) |
| 2:55 | Create | Villager (Male) |
| 3:24 | Build | Lumber Camp |
| 3:30 | Build | Farm |
| 3:59 | Research | Feudal Age |
| 4:00 | Research | Feudal Age |
| 4:11 | Create | Villager (Male) |
| 4:11 | Create | Villager (Male) |
| 4:15 | Create | Villager (Male) |
| 4:15 | Create | Villager (Male) |
| 4:24 | Create | Villager (Male) |
| 4:25 | Create | Villager (Male) |
| 4:51 | Age | Feudal Age |
| 4:56 | Build | Market |
| 5:00 | Research | Double-Bit Axe |
| 5:00 | Research | Double-Bit Axe |
| 5:01 | Research | Tech 1687 |
| 5:01 | Research | Tech 1687 |
| 5:15 | Research | Tech 1688 |
| 5:16 | Research | Tech 1688 |
| 5:16 | Research | Tech 1688 |
| 5:27 | Create | Villager (Male) |
| 5:43 | Create | Villager (Male) |
| 6:08 | Create | Villager (Male) |
| 6:21 | Build | Lumber Camp |
| 6:56 | Build | Blacksmith |
| 7:09 | Create | Villager (Male) |
| 7:18 | Build | Farm |
| 7:43 | Create | Villager (Male) |
| 7:48 | Build | Lumber Camp |
| 8:08 | Research | Castle Age |
| 8:09 | Research | Castle Age |
| 8:42 | Build | Farm |
| 8:54 | Create | Villager (Male) |
| 8:55 | Create | Villager (Male) |
| 9:14 | Age | Castle Age |
| 9:17 | Build | Town Center |
| 9:28 | Build | Lumber Camp |
| 9:31 | Create | Villager (Male) |
| 9:39 | Build | Farm |
| 9:53 | Create | Villager (Male) |
| 10:04 | Create | Villager (Male) |
| 10:04 | Create | Villager (Male) |
| 10:05 | Create | Villager (Male) |
| 10:33 | Create | Villager (Male) |
| 10:34 | Create | Villager (Male) |
| 10:43 | Create | Villager (Male) |
| 10:51 | Build | Farm |
| 11:01 | Create | Villager (Male) |
| 11:03 | Create | Villager (Male) |
| 11:27 | Build | Farm |
| 11:42 | Build | Lumber Camp |
| 11:57 | Build | Farm |
| 12:00 | Create | Villager (Male) |
| 12:01 | Create | Villager (Male) |
| 12:02 | Create | Villager (Male) |
| 12:12 | Build | Siege Workshop |
| 12:18 | Build | Farm |
| 12:19 | Create | Villager (Male) |
| 12:20 | Create | Villager (Male) |
| 12:23 | Build | Farm |
| 12:30 | Build | Monastery |
| 12:36 | Research | Forging |
| 12:36 | Research | Forging |
| 12:36 | Research | Forging |
| 12:37 | Research | Tech 1661 |
| 12:37 | Research | Iron Casting |
| 12:37 | Research | Iron Casting |
| 12:38 | Research | Iron Casting |
| 12:38 | Research | Tech 1662 |
| 12:39 | Research | Tech 1869 |
| 12:40 | Research | Tech 1869 |
| 12:40 | Research | Tech 1870 |
| 12:40 | Research | Tech 1870 |
| 12:55 | Research | Imperial Age |
| 13:00 | Research | Town Watch |
| 13:00 | Research | Town Watch |
| 13:01 | Research | Tech 1612 |
| 13:01 | Research | Tech 1612 |
| 13:02 | Research | Tech 1613 |
| 13:02 | Research | Tech 1613 |
| 13:02 | Research | Tech 1613 |
| 13:05 | Create | Mangonel |
| 13:05 | Create | Mangonel |
| 13:12 | Create | Mangonel |
| 13:22 | Build | Farm |
| 13:27 | Build | Lumber Camp |
| 13:31 | Build | Farm |
| 13:37 | Create | Mangonel |
| 13:37 | Create | Mangonel |
| 13:39 | Create | Villager (Male) |
| 13:40 | Create | Villager (Male) |
| 13:40 | Create | Villager (Male) |
| 13:53 | Build | Lumber Camp |
| 14:14 | Age | Imperial Age |
| 14:25 | Research | Onager (upgrade) |
| 14:32 | Create | Villager (Male) |
| 14:32 | Create | Villager (Male) |
| 14:56 | Create | Villager (Male) |
| 15:02 | Create | Villager (Male) |
| 15:02 | Create | Villager (Male) |
| 15:03 | Create | Villager (Male) |
| 15:03 | Create | Villager (Male) |
| 15:08 | Research | Blast Furnace |
| 15:08 | Research | Blast Furnace |
| 15:08 | Research | Tech 1665 |
| 15:09 | Research | Tech 1665 |
| 15:09 | Research | Tech 1666 |
| 15:19 | Build | Town Center |
| 15:44 | Research | Guilds |
| 15:56 | Build | Mining Camp |
| 16:04 | Build | Barracks |
| 16:41 | Research | Stone Mining |
| 16:42 | Research | Stone Mining |
| 16:42 | Research | Tech 1723 |
| 16:46 | Build | Barracks |
| 16:53 | Create | Mangonel |
| 17:45 | Build | Castle |
| 17:53 | Build | Stone Wall |
Build order — Mad08jojo
First 150 of 796 actions detected
| 0:06 | Build | Mill |
| 0:07 | Create | Villager (Male) |
| 0:08 | Create | Villager (Male) |
| 0:08 | Create | Villager (Male) |
| 0:40 | Build | Lumber Camp |
| 0:49 | Build | Lumber Camp |
| 1:13 | Create | Villager (Male) |
| 1:55 | Build | Farm |
| 2:01 | Create | Villager (Male) |
| 2:09 | Build | Farm |
| 2:40 | Build | Farm |
| 2:41 | Create | Villager (Male) |
| 2:51 | Research | Feudal Age |
| 3:58 | Age | Feudal Age |
| 4:04 | Build | Market |
| 4:11 | Research | Double-Bit Axe |
| 4:11 | Research | Double-Bit Axe |
| 4:41 | Build | Blacksmith |
| 4:50 | Research | Town Watch |
| 4:56 | Research | Castle Age |
| 5:30 | Research | Tech 1687 |
| 5:31 | Research | Tech 1687 |
| 5:31 | Research | Tech 1688 |
| 5:32 | Research | Tech 1688 |
| 5:51 | Research | Wheelbarrow |
| 5:51 | Research | Wheelbarrow |
| 5:52 | Research | Tech 1699 |
| 5:52 | Research | Tech 1699 |
| 5:52 | Research | Tech 1700 |
| 5:53 | Research | Tech 1612 |
| 5:53 | Research | Tech 1612 |
| 5:53 | Research | Tech 1613 |
| 6:00 | Age | Castle Age |
| 6:21 | Research | Bow Saw |
| 6:21 | Research | Bow Saw |
| 6:21 | Research | Tech 1691 |
| 6:22 | Research | Tech 1691 |
| 6:22 | Research | Tech 1692 |
| 6:22 | Research | Tech 1692 |
| 6:41 | Build | Town Center |
| 6:47 | Build | Town Center |
| 6:57 | Build | Town Center |
| 8:18 | Build | Monastery |
| 8:24 | Build | Siege Workshop |
| 8:29 | Build | Lumber Camp |
| 8:47 | Research | Imperial Age |
| 8:56 | Build | Town Center |
| 9:04 | Build | Town Center |
| 9:14 | Create | Mangonel |
| 9:14 | Create | Mangonel |
| 9:15 | Create | Mangonel |
| 9:16 | Create | Mangonel |
| 10:03 | Age | Imperial Age |
| 10:07 | Research | Onager (upgrade) |
| 10:10 | Research | Two-Man Saw |
| 10:11 | Research | Two-Man Saw |
| 10:11 | Research | Tech 1705 |
| 10:11 | Research | Tech 1705 |
| 11:02 | Research | Hand Cart |
| 11:03 | Research | Hand Cart |
| 11:03 | Research | Tech 1715 |
| 11:03 | Research | Tech 1715 |
| 11:04 | Research | Tech 1716 |
| 11:04 | Research | Tech 1716 |
| 11:36 | Build | Mining Camp |
| 11:55 | Build | Mining Camp |
| 12:01 | Research | Gold Mining |
| 12:01 | Research | Stone Mining |
| 12:02 | Research | Gold Mining |
| 12:02 | Research | Stone Mining |
| 12:02 | Research | Tech 1653 |
| 12:02 | Research | Tech 1723 |
| 12:03 | Research | Tech 1653 |
| 12:03 | Research | Tech 1723 |
| 12:03 | Research | Tech 1654 |
| 12:03 | Research | Tech 1724 |
| 12:04 | Research | Tech 1724 |
| 12:21 | Research | Gold Shaft Mining |
| 12:21 | Research | Tech 1727 |
| 12:21 | Research | Gold Shaft Mining |
| 12:21 | Research | Tech 1727 |
| 12:28 | Build | Farm |
| 12:31 | Build | Farm |
| 12:35 | Build | Farm |
| 12:43 | Build | Mill |
| 12:48 | Build | Lumber Camp |
| 13:01 | Build | House |
| 13:02 | Build | House |
| 13:03 | Build | House |
| 13:04 | Build | House |
| 13:09 | Build | Castle |
| 14:31 | Research | Elite Ratha (upgrade) |
| 14:32 | Research | Conscription |
| 14:32 | Research | Conscription |
| 14:33 | Research | Tech 1733 |
| 14:33 | Research | Tech 1733 |
| 14:34 | Research | Tech 1734 |
| 14:34 | Research | Tech 1734 |
| 14:34 | Research | Mahayana |
| 14:35 | Research | Mahayana |
| 14:35 | Research | Paiks |
| 14:36 | Research | Tech 1854 |
| 14:37 | Research | Tech 1854 |
| 14:37 | Research | Tech 1854 |
| 14:37 | Research | Tech 1855 |
| 14:38 | Research | Tech 1855 |
| 14:42 | Build | Blacksmith |
| 14:43 | Build | Blacksmith |
| 14:44 | Build | Blacksmith |
| 14:44 | Build | Blacksmith |
| 14:45 | Build | Blacksmith |
| 14:45 | Build | Blacksmith |
| 14:45 | Build | Blacksmith |
| 14:47 | Build | Blacksmith |
| 14:48 | Build | Blacksmith |
| 14:53 | Build | Lumber Camp |
| 14:57 | Build | University |
| 14:59 | Build | University |
| 15:00 | Build | University |
| 15:08 | Build | Lumber Camp |
| 15:15 | Build | Lumber Camp |
| 15:31 | Build | Lumber Camp |
| 15:36 | Research | Tech 1706 |
| 15:37 | Research | Tech 1706 |
| 15:41 | Build | Feitoria |
| 15:44 | Build | Feitoria |
| 15:46 | Build | Feitoria |
| 15:48 | Build | Feitoria |
| 15:53 | Research | Tech 1745 |
| 15:53 | Research | Tech 1745 |
| 15:53 | Research | Tech 1746 |
| 15:54 | Research | Tech 1746 |
| 16:58 | Build | Lumber Camp |
| 17:00 | Research | Forging |
| 17:00 | Research | Scale Mail Armor |
| 17:00 | Research | Scale Barding Armor |
| 17:01 | Research | Forging |
| 17:01 | Research | Tech 1663 |
| 17:01 | Research | Scale Barding Armor |
| 17:01 | Research | Tech 1661 |
| 17:01 | Research | Tech 1663 |
| 17:01 | Research | Tech 1871 |
| 17:02 | Research | Tech 1661 |
| 17:02 | Research | Tech 1664 |
| 17:02 | Research | Tech 1871 |
| 17:02 | Research | Tech 1662 |
| 17:02 | Research | Tech 1664 |
| 17:02 | Research | Tech 1872 |
| 17:03 | Research | Tech 1872 |
| 17:05 | Research | Fletching |
Build order — Parts
First 150 of 1480 actions detected
| 0:07 | Build | Mill |
| 0:08 | Create | Villager (Male) |
| 0:08 | Create | Villager (Male) |
| 0:09 | Create | Villager (Male) |
| 0:14 | Create | Villager (Male) |
| 0:23 | Build | Farm |
| 0:34 | Create | Villager (Male) |
| 0:34 | Create | Villager (Male) |
| 0:35 | Create | Villager (Male) |
| 1:40 | Build | Farm |
| 1:48 | Create | Villager (Male) |
| 2:43 | Build | Lumber Camp |
| 2:51 | Research | Feudal Age |
| 2:57 | Build | Farm |
| 3:43 | Age | Feudal Age |
| 3:45 | Create | Villager (Male) |
| 3:46 | Create | Villager (Male) |
| 3:47 | Research | Double-Bit Axe |
| 3:48 | Research | Tech 1687 |
| 3:48 | Research | Tech 1687 |
| 3:48 | Research | Tech 1688 |
| 3:50 | Research | Tech 1625 |
| 3:53 | Create | Villager (Male) |
| 4:14 | Research | Tech 1624 |
| 4:14 | Research | Horse Collar |
| 4:14 | Research | Horse Collar |
| 4:17 | Research | Wheelbarrow |
| 4:17 | Research | Wheelbarrow |
| 4:26 | Research | Tech 1699 |
| 4:27 | Research | Tech 1700 |
| 4:28 | Research | Town Watch |
| 4:29 | Research | Tech 1612 |
| 4:29 | Research | Tech 1612 |
| 4:44 | Build | Market |
| 4:59 | Research | Tech 1613 |
| 5:00 | Create | Villager (Male) |
| 5:00 | Create | Villager (Male) |
| 5:06 | Build | Blacksmith |
| 5:19 | Research | Castle Age |
| 5:28 | Build | Lumber Camp |
| 5:32 | Build | Lumber Camp |
| 6:01 | Create | Villager (Male) |
| 6:01 | Create | Villager (Male) |
| 6:08 | Build | Lumber Camp |
| 6:24 | Build | Lumber Camp |
| 6:31 | Age | Castle Age |
| 6:35 | Research | Hand Cart |
| 6:36 | Research | Tech 1715 |
| 6:36 | Research | Tech 1715 |
| 6:36 | Research | Tech 1716 |
| 6:37 | Research | Tech 1716 |
| 6:40 | Research | Bow Saw |
| 6:40 | Research | Bow Saw |
| 6:40 | Research | Tech 1691 |
| 6:41 | Research | Tech 1692 |
| 6:42 | Research | Tech 1623 |
| 6:42 | Research | Tech 1622 |
| 6:43 | Research | Heavy Plow |
| 6:43 | Research | Heavy Plow |
| 7:03 | Build | Siege Workshop |
| 7:06 | Create | Villager (Male) |
| 7:23 | Build | Lumber Camp |
| 7:30 | Build | Lumber Camp |
| 7:40 | Build | Town Center |
| 7:48 | Build | Town Center |
| 8:11 | Build | Farm |
| 8:25 | Build | Lumber Camp |
| 8:35 | Build | Monastery |
| 8:42 | Build | Mining Camp |
| 8:55 | Build | Lumber Camp |
| 9:06 | Research | Imperial Age |
| 9:23 | Build | Lumber Camp |
| 9:28 | Research | Stone Mining |
| 9:28 | Research | Tech 1723 |
| 9:28 | Research | Tech 1723 |
| 9:29 | Research | Tech 1724 |
| 9:29 | Research | Tech 1724 |
| 9:31 | Research | Stone Shaft Mining |
| 9:32 | Research | Tech 1727 |
| 9:32 | Research | Tech 1728 |
| 9:32 | Research | Tech 1728 |
| 9:56 | Build | Feitoria |
| 10:22 | Age | Imperial Age |
| 10:45 | Build | Castle |
| 10:47 | Build | Lumber Camp |
| 10:54 | Research | Tech 1705 |
| 10:55 | Research | Tech 1705 |
| 10:55 | Research | Tech 1706 |
| 11:01 | Research | Town Patrol |
| 11:01 | Research | Loom |
| 11:01 | Research | Tech 1628 |
| 11:02 | Research | Tech 1629 |
| 11:02 | Research | Tech 1629 |
| 11:04 | Research | Tech 1621 |
| 11:04 | Research | Tech 1621 |
| 11:04 | Research | Tech 1620 |
| 11:04 | Research | Crop Rotation |
| 11:07 | Build | Farm |
| 11:16 | Build | Lumber Camp |
| 11:21 | Research | Fletching |
| 11:21 | Research | Tech 1681 |
| 11:21 | Research | Tech 1682 |
| 11:22 | Research | Tech 1682 |
| 11:24 | Research | Gold Mining |
| 11:24 | Research | Tech 1653 |
| 11:25 | Research | Tech 1654 |
| 11:25 | Research | Tech 1654 |
| 11:28 | Research | Garland Wars |
| 11:29 | Research | Tech 1630 |
| 11:29 | Research | Tech 1630 |
| 11:29 | Research | Tech 1631 |
| 11:30 | Research | Tech 1631 |
| 11:30 | Research | Atlatl |
| 11:31 | Research | Atlatl |
| 11:31 | Research | Tech 1764 |
| 11:31 | Research | Tech 1764 |
| 11:31 | Research | Tech 1765 |
| 11:32 | Research | Elite Jaguar Warrior (upgrade) |
| 11:33 | Research | Elite Jaguar Warrior (upgrade) |
| 11:33 | Research | Conscription |
| 11:34 | Research | Tech 1733 |
| 11:34 | Research | Tech 1733 |
| 11:34 | Research | Tech 1734 |
| 11:35 | Research | Tech 1734 |
| 11:41 | Research | Onager (upgrade) |
| 11:42 | Create | Mangonel |
| 11:42 | Create | Mangonel |
| 11:43 | Create | Mangonel |
| 11:43 | Create | Mangonel |
| 11:55 | Build | House |
| 11:58 | Build | Lumber Camp |
| 12:05 | Build | House |
| 12:07 | Build | Lumber Camp |
| 12:27 | Research | Gold Shaft Mining |
| 12:27 | Research | Tech 1677 |
| 12:27 | Research | Tech 1677 |
| 12:28 | Research | Tech 1678 |
| 12:31 | Research | Tech 1745 |
| 12:31 | Research | Sappers |
| 12:31 | Research | Tech 1746 |
| 12:31 | Research | Sappers |
| 12:32 | Research | Tech 1735 |
| 12:32 | Research | Tech 1735 |
| 12:32 | Research | Tech 1736 |
| 13:09 | Create | Villager (Male) |
| 13:12 | Research | Bodkin Arrow |
| 13:13 | Research | Bodkin Arrow |
| 13:13 | Research | Tech 1683 |
| 13:13 | Research | Tech 1683 |
| 13:13 | Research | Tech 1684 |
Build order — AAA
99 actions detected in the replay
| 1:12 | Build | House |
| 1:13 | Create | Villager (Male) |
| 1:14 | Create | Villager (Male) |
| 1:14 | Create | Villager (Male) |
| 1:14 | Create | Villager (Male) |
| 1:19 | Build | Mill |
| 1:28 | Build | Lumber Camp |
| 1:54 | Build | Farm |
| 1:58 | Build | Farm |
| 2:05 | Build | Farm |
| 2:14 | Build | Farm |
| 2:51 | Create | Villager (Male) |
| 3:02 | Create | Villager (Male) |
| 3:21 | Build | Farm |
| 3:25 | Build | Farm |
| 3:29 | Build | Farm |
| 3:32 | Create | Villager (Male) |
| 3:33 | Create | Villager (Male) |
| 4:11 | Create | Villager (Male) |
| 4:11 | Create | Villager (Male) |
| 5:16 | Research | Feudal Age |
| 6:01 | Create | Villager (Male) |
| 6:08 | Age | Feudal Age |
| 6:11 | Build | Market |
| 6:18 | Build | Lumber Camp |
| 6:31 | Research | Double-Bit Axe |
| 6:32 | Research | Tech 1687 |
| 6:32 | Research | Tech 1688 |
| 7:07 | Create | Villager (Male) |
| 7:07 | Create | Villager (Male) |
| 7:53 | Create | Villager (Male) |
| 8:22 | Build | Lumber Camp |
| 8:33 | Build | Lumber Camp |
| 8:49 | Create | Villager (Male) |
| 8:50 | Create | Villager (Male) |
| 8:50 | Create | Villager (Male) |
| 10:02 | Build | Farm |
| 10:28 | Build | Blacksmith |
| 10:32 | Build | Lumber Camp |
| 10:46 | Research | Castle Age |
| 11:50 | Age | Castle Age |
| 11:51 | Create | Villager (Male) |
| 11:51 | Create | Villager (Male) |
| 11:52 | Create | Villager (Male) |
| 11:52 | Create | Villager (Male) |
| 11:59 | Research | Bow Saw |
| 11:59 | Research | Tech 1691 |
| 12:40 | Build | Mining Camp |
| 12:51 | Build | Town Center |
| 13:02 | Create | Villager (Male) |
| 13:02 | Create | Villager (Male) |
| 13:03 | Create | Villager (Male) |
| 13:22 | Create | Villager (Male) |
| 13:22 | Create | Villager (Male) |
| 13:23 | Create | Villager (Male) |
| 13:23 | Create | Villager (Male) |
| 13:39 | Create | Villager (Male) |
| 13:40 | Create | Villager (Male) |
| 13:45 | Build | Town Center |
| 14:26 | Create | Villager (Male) |
| 14:27 | Create | Villager (Male) |
| 14:27 | Create | Villager (Male) |
| 14:40 | Create | Villager (Male) |
| 14:41 | Create | Villager (Male) |
| 14:41 | Create | Villager (Male) |
| 14:42 | Create | Villager (Male) |
| 14:45 | Create | Villager (Male) |
| 15:09 | Build | Castle |
| 15:18 | Create | Villager (Male) |
| 15:18 | Create | Villager (Male) |
| 15:19 | Create | Villager (Male) |
| 15:19 | Create | Villager (Male) |
| 15:38 | Create | Villager (Male) |
| 15:38 | Create | Villager (Male) |
| 15:39 | Create | Villager (Male) |
| 16:40 | Create | Villager (Male) |
| 16:41 | Create | Villager (Male) |
| 16:41 | Create | Villager (Male) |
| 17:25 | Research | Imperial Age |
| 17:55 | Build | Barracks |
| 18:02 | Build | Lumber Camp |
| 18:46 | Age | Imperial Age |
| 18:47 | Research | Recurve Bow |
| 18:47 | Research | Recurve Bow |
| 18:54 | Research | Tech 1794 |
| 18:55 | Research | Tech 1794 |
| 19:12 | Build | Stable |
| 19:19 | Build | Stable |
| 19:36 | Build | Archery Range |
| 19:48 | Research | Tech 1795 |
| 19:52 | Create | Cavalry Archer |
| 19:53 | Create | Cavalry Archer |
| 19:53 | Create | Cavalry Archer |
| 20:02 | Build | Archery Range |
| 20:23 | Research | Heavy Cavalry Archer (upgrade) |
| 20:35 | Create | Cavalry Archer ×5 |
| 20:35 | Create | Cavalry Archer |
| 20:35 | Create | Cavalry Archer |
| 21:37 | Create | Cavalry Archer ×5 |
Match timeline
| 3:43 | Parts · age_up feudal |
| 3:47 | NoAgendaPODCAST · age_up feudal |
| 3:58 | Mad08jojo · age_up feudal |
| 4:36 | ISwaZz · age_up feudal |
| 4:51 | liehuo22 · age_up feudal |
| 4:55 | NoAgendaPODCAST · first_market_sell 500 wood |
| 5:05 | yimacs_yoyoyo · age_up feudal |
| 5:22 | liehuo22 · first_market_sell 100 wood |
| 5:24 | ISwaZz · first_market_sell 100 wood |
| 5:56 | NoAgendaPODCAST · age_up castle |
| 6:00 | Mad08jojo · age_up castle |
| 6:03 | Mad08jojo · first_market_buy 500 stone |
| 6:05 | Mad08jojo · first_market_sell 500 wood |
| 6:06 | NoAgendaPODCAST · first_market_buy 100 stone |
| 6:08 | AAA · age_up feudal |
| 6:10 | og1kanooby · age_up feudal |
| 6:31 | Parts · age_up castle |
| 7:03 | Parts · first_building Siege Workshop |
| 7:15 | Parts · first_market_sell 500 wood |
| 7:19 | AAA · first_market_sell 500 wood |
| 7:20 | ISwaZz · age_up castle |
| 7:22 | og1kanooby · first_market_sell 500 wood |
| 7:50 | NoAgendaPODCAST · first_building Siege Workshop |
| 7:54 | NoAgendaPODCAST · first_building Monastery |
| 8:18 | Mad08jojo · first_building Monastery |
| 8:24 | Mad08jojo · first_building Siege Workshop |
| 8:35 | Parts · first_building Monastery |
| 8:41 | og1kanooby · age_up castle |
| 9:14 | liehuo22 · age_up castle |
| 9:23 | yimacs_yoyoyo · first_market_sell 500 wood |
| 9:26 | NoAgendaPODCAST · age_up imperial |
| 10:03 | Mad08jojo · age_up imperial |
| 10:22 | Parts · age_up imperial |
| 10:29 | yimacs_yoyoyo · age_up castle |
| 10:45 | Parts · first_building Castle |
| 11:45 | ISwaZz · first_building Siege Workshop |
| 11:48 | ISwaZz · first_building Monastery |
| 11:50 | AAA · age_up castle |
| 12:12 | liehuo22 · first_building Siege Workshop |
| 12:30 | liehuo22 · first_building Monastery |
| 12:35 | NoAgendaPODCAST · first_building Castle |
| 13:09 | Mad08jojo · first_building Castle |
| 13:17 | Parts · first_building Barracks |
| 13:54 | yimacs_yoyoyo · first_building Dock |
| 14:14 | liehuo22 · age_up imperial |
| 14:17 | ISwaZz · age_up imperial |
| 14:21 | NoAgendaPODCAST · first_building Barracks |
| 14:21 | Parts · first_building Archery Range |
| 14:35 | yimacs_yoyoyo · first_building Siege Workshop |
| 14:38 | yimacs_yoyoyo · first_building Monastery |
| 15:09 | AAA · first_building Castle |
| 15:29 | og1kanooby · first_building Castle |
| 15:40 | ISwaZz · first_market_buy 100 stone |
| 15:52 | ISwaZz · first_building Dock |
| 16:04 | liehuo22 · first_building Barracks |
| 17:04 | ISwaZz · first_building Castle |
| 17:29 | NoAgendaPODCAST · first_building Stable |
| 17:34 | liehuo22 · first_market_buy 100 stone |
| 17:37 | og1kanooby · age_up imperial |
| 17:40 | yimacs_yoyoyo · age_up imperial |
| 17:45 | liehuo22 · first_building Castle |
| 17:53 | liehuo22 · wall_segment Stone Wall x2 |
| 17:55 | AAA · first_building Barracks |
| 18:01 | Mad08jojo · first_building Barracks |
| 18:11 | yimacs_yoyoyo · first_building Castle |
| 18:11 | Mad08jojo · first_building Stable |
| 18:33 | og1kanooby · first_building Barracks |
| 18:46 | AAA · age_up imperial |
| 18:47 | yimacs_yoyoyo · wall_segment Stone Wall x1 |
| 18:53 | Mad08jojo · first_building Archery Range |
| 18:54 | og1kanooby · first_building Stable |
| 18:57 | yimacs_yoyoyo · first_building Barracks |
| 19:12 | AAA · first_building Stable |
| 19:20 | ISwaZz · first_building Barracks |
| 19:36 | AAA · first_building Archery Range |
| 19:44 | AAA · first_market_buy 500 wood |
| 19:53 | yimacs_yoyoyo · wall_segment Stone Wall x1 |
| 19:56 | yimacs_yoyoyo · first_building Archery Range |
| 20:01 | yimacs_yoyoyo · wall_segment Stone Wall x1 |
| 20:18 | NoAgendaPODCAST · first_building Archery Range |
| 20:22 | yimacs_yoyoyo · wall_segment Stone Wall x1 |
| 20:32 | yimacs_yoyoyo · wall_segment Stone Wall x1 |
| 20:36 | yimacs_yoyoyo · wall_segment Stone Wall x1 |
| 21:03 | ISwaZz · tribute_sent a jugador 1 |
| 21:03 | ISwaZz · tribute_sent a jugador 2 |
| 21:03 | ISwaZz · tribute_sent a jugador 3 |
| 21:03 | ISwaZz · tribute_sent a jugador 4 |
| 21:03 | ISwaZz · tribute_sent a jugador 5 |
| 21:03 | ISwaZz · tribute_sent a jugador 6 |
| 21:03 | ISwaZz · tribute_sent a jugador 7 |
| 21:25 | yimacs_yoyoyo · wall_segment Stone Wall x1 |
| 21:33 | yimacs_yoyoyo · wall_segment Stone Wall x1 |
| 22:10 | AAA · resign |
| 23:10 | yimacs_yoyoyo · wall_segment Stone Wall x2 |
| 24:28 | ISwaZz · tribute_sent a jugador 1 |
| 24:28 | ISwaZz · tribute_sent a jugador 2 |
| 24:28 | ISwaZz · tribute_sent a jugador 3 |
| 24:28 | ISwaZz · tribute_sent a jugador 4 |
| 24:28 | ISwaZz · tribute_sent a jugador 5 |
| 24:28 | ISwaZz · tribute_sent a jugador 6 |
| 24:28 | ISwaZz · tribute_sent a jugador 7 |
| 24:32 | ISwaZz · tribute_sent a jugador 1 |
| 24:32 | ISwaZz · tribute_sent a jugador 2 |
| 24:32 | ISwaZz · tribute_sent a jugador 3 |
| 24:32 | ISwaZz · tribute_sent a jugador 4 |
| 24:32 | ISwaZz · tribute_sent a jugador 5 |
| 24:32 | ISwaZz · tribute_sent a jugador 6 |
| 24:32 | ISwaZz · tribute_sent a jugador 7 |
| 32:05 | og1kanooby · wall_segment Stone Wall x9 |
| 33:08 | yimacs_yoyoyo · first_building Stable |
| 39:46 | ISwaZz · tribute_sent a jugador 1 |
| 39:46 | ISwaZz · tribute_sent a jugador 2 |
| 39:46 | ISwaZz · tribute_sent a jugador 3 |
| 39:46 | ISwaZz · tribute_sent a jugador 4 |
| 39:46 | ISwaZz · tribute_sent a jugador 5 |
| 39:46 | ISwaZz · tribute_sent a jugador 6 |
| 39:46 | ISwaZz · tribute_sent a jugador 7 |
| 45:56 | yimacs_yoyoyo · wall_segment Stone Wall x3 |
| 46:52 | yimacs_yoyoyo · tribute_sent a jugador 1 |
| 46:52 | yimacs_yoyoyo · tribute_sent a jugador 3 |
| 46:52 | yimacs_yoyoyo · tribute_sent a jugador 4 |
| 46:52 | yimacs_yoyoyo · tribute_sent a jugador 5 |
| 46:52 | yimacs_yoyoyo · tribute_sent a jugador 6 |
| 46:52 | yimacs_yoyoyo · tribute_sent a jugador 7 |
| 46:52 | yimacs_yoyoyo · tribute_sent a jugador 8 |
[ AI ANALYSIS · 1 CREDIT ]
What really happened in this match?
Wolo.gg analyzes every decision: build order, eco, micro, common mistakes by bracket. Personalized analysis on WhatsApp or Discord in 30 seconds.
Civ guide
Japanese
Perfil
ISwaZz